[Event "*** Qualifier 3: Titled Tuesday 3|2 Blitz"]
[Site "Chess.com"]
[Date "2017.04.18"]
[Round "5"]
[White "Sebastian"]
[Black "Fandorine"]
[Result "1/2-1/2"]
[WhiteElo "2662"]
[BlackElo "2695"]
[TimeControl "180+2"]
[EndTime "14:09:23 PDT"]
[Termination "Game drawn by agreement"]

1. e4 c5 2. Nf3 e6 3. d4 cxd4 4.
Nxd4 Nc6 5. Nc3 Qc7 6. Qd3 Nxd4 7. Qxd4 a6 8. Be3 b5 9. O-O-O Bb7 10. f3 Rc8 11. Qd2 Nf6 12. Kb1 Bb4 13. Qf2 Bxc3 14. bxc3 Bxe4 15. Bd4 Bg6 16. Bd3 Nd5 17. Bxg7 Nxc3+ 18. Bxc3 Qxc3 19. Rhe1 O-O 20. Bxg6 hxg6 21. Re3 Qb4+ 22.
Rb3 Qe7 23. Qa7 Qg5 24. g3 Qf5 25. Rdd3 Rc6 26. Qxd7 Rfc8 27. Rb2 Qe5 28. Qd4 Qe1+ 29.
Rd1 Qe2 30. Qd3 Qxh2 31. g4 Rc3 32. Qe4 R3c4 33. Qd3 Qe5 34. Rc1 Qc3 35. Rb3 Qxd3 36. Rxd3 Rc3 37. Rxc3 Rxc3 38. Rf1 g5 39. Kb2 Rc4 40.
Rd1 Rf4 41. Rd3 Kg7 42. Kc1 b4 43. Kd2 a5 44. c3 bxc3+ 45. Rxc3 Kg6 46. Ke3 Ra4 47. a3 f5 48. gxf5+ exf5 49. Kf2 Kh5 50. Kg3 Kg6 51. Rc6+ Kh5 52. Rc3 f4+ 53. Kh3 Rd4 54.
Rc8 Rd3 55. Rh8+ Kg6 56. Kg4 Rxa3 57. Rg8+ Kf6 58. Rxg5 Ra4 59. Rb5 Ke6 60. Rh5 Kd6 61.
Rf5 Kc6 62. Kg5 Kb6 63. Rf6+ Kc5 64. Rf5+ Kc6 65. Rf6+ Kb7 66. Rf7+ Kb6 1/2-1/2

[Event "*** Qualifier 3: Titled Tuesday 3|2 Blitz"]
[Site "Chess.com"]
[Date "2017.04.18"]
[Round "5"]
[White "abubakrtagelsir"]
[Black "Rogue_King"]
[Result "1-0"]
[WhiteElo "2156"]
[BlackElo "2128"]
[TimeControl "180+2"]
[EndTime "14:09:24 PDT"]
[Termination "abubakrtagelsir won by checkmate"]

1. e4 c6 2. d4 d5 3. f3 dxe4 4. fxe4 e5 5. Nf3 Bg4 6. Bc4 Nd7 7. c3 Bh5 8. O-O Ngf6 9. Qb3 b5 10. Bd3 Bd6 11.
Bg5 O-O 12. Nbd2 Qc7 13. Rac1 Rfe8 14. Nh4 exd4 15. h3 dxc3 16. Rxc3 Be5 17. Rcc1 Qb6+ 18. Kh1 Nc5 19. Qc2 Nxd3 20. Qxd3 Rad8 21. Qc2 Rc8 22. Ndf3 Bxf3 23. Nxf3 Nd7 24. Rcd1 Qc7 25. Qd2 Nc5 26. Qe3 Ne6 27. Bh4 Bf4 28. Qa3 Be3 29. Qxe3 c5 30.
Ng5 Nxg5 31. Bxg5 c4 32. Bf4 Qc6 33. e5 b4 34. Qxa7 Ra8 35. Qd4 Rxa2 36. Bc1 Raa8 37.
Qd6 Qe4 38. Rde1 Qb7 39. e6 fxe6 40. Rxe6 c3 41. bxc3 bxc3 42. Rxe8+ Rxe8 43. Qf4 Qc8 44. Kh2 Rf8 45. Qxf8+ Qxf8 46. Rxf8+ Kxf8 47. Kg3 Ke7 48. Kf4 Kd6 49. Kf5 Kd5 50. h4 Kd4 51. Ke6 h6 52. Kf7 g5 53. h5 Kd3 54. Kg6 Kc2 55.
Ba3 Kb3 56. Bc5 c2 57. Be3 Kc3 58. Kxh6 Kd3 59. Bxg5 Ke2 60. Kg6 Kf2 61. h6 Kg3 62. h7 Kh2 63. h8=Q+ Kg1 64. g4 Kg2 65. Bc1 Kf3 66. Qd4 Kg3 67. g5 Kh3 68. Qf4 Kg2 69. Qe3 Kf1 70. Qd2 Kg1 71. Kh5 Kh1 72. Kg4 Kg1 73.
Kg3 Kh1 74. Qh2# 1-0

[Event "*** Qualifier 3: Titled Tuesday 3|2 Blitz"]
[Site "Chess.com"]
[Date "2017.04.18"]
[Round "5"]
[White "JusticeBot"]
[Black "djogrodek1"]
[Result "0-1"]
[WhiteElo "2498"]
[BlackElo "2405"]
[TimeControl "180+2"]
[EndTime "14:09:25 PDT"]
[Termination "djogrodek1 won by resignation"]

1. e4 c5 2. c3 Nf6 3. e5 Nd5 4.
d4 cxd4 5. Nf3 Nc6 6. Bc4 Nb6 7. Bb3 d5 8. exd6 Qxd6 9. O-O Be6 10. Na3 dxc3 11.
Qe2 Bxb3 12. Nb5 Qb8 13. axb3 e5 14. Nbd4 Nxd4 15. Nxd4 g6 16. bxc3 Be7 17. Re1 O-O 18. Qxe5 Qxe5 19. Rxe5 Bf6 20. Rb5 Rfc8 21. Be3 Kg7 22. Kf1 Rd8 23. Rd1 Rac8 24. c4 Rb8 25. Ke2 Kf8 26. g4 Ke7 27. g5 Bg7 28. h4 Nd7 29. f4 a6 30. Ra5 Rbc8 31. f5 Be5 32.
f6+ Kf8 33. Rd5 Bc7 34. Nf3 Nb8 35. Bc5+ Ke8 36. Be7 Rxd5 37. cxd5 Nd7 38. Rc1 Nb6 39. d6 Bxd6 40. Re1 Bxe7 41. Kd3 Nd5 42. Re5 Rd8 43. Ke4 Nc3+ 44. Kf4 Rd7 45. fxe7 Rxe7 46. Rc5 Ne2+ 47. Kg4 Kd7 48. Rc2 Kd6 49. b4 Kd5 50. Rb2 Re4+ 51.
Kh3 Nd4 52. Ng1 Kc4 53. Kg2 Nc6 54. Rf2 Re7 55. Rf4+ Kb5 56. Nf3 Rd7 57. h5 gxh5 58. Nh4 Nxb4 59. Nf5 a5 60. Nh6 a4 61. Nxf7 a3 62. Ne5 Rd2+ 63. Kh3 a2 64. Rf1 Nc2 65. Rf5 Rd5 66. Nf7 Rxf5 67. Nd6+ Kc6 68. Nxf5 a1=Q 69.
g6 hxg6 0-1

[Event "*** Qualifier 3: Titled Tuesday 3|2 Blitz"]
[Site "Chess.com"]
[Date "2017.04.18"]
[Round "5"]
[White "oskariot"]
[Black "Ilja_Semjonovs"]
[Result "0-1"]
[WhiteElo "2431"]
[BlackElo "2204"]
[TimeControl "180+2"]
[EndTime "14:09:50 PDT"]
[Termination "Ilja_Semjonovs won on time"]

1. c4 e5 2. g3 Nf6 3. Bg2 d5 4. cxd5 Nxd5 5. Nc3 Nb6 6. e3 Be7 7.
Nge2 c6 8. O-O O-O 9. f4 exf4 10. Nxf4 N8d7 11. d4 Nf6 12. b3 Nbd5 13. Ncxd5 cxd5 14. Bd2 Bg4 15. Qe1 Qd7 16. h3 Bf5 17. g4 Bg6 18. Nxg6 hxg6 19. Rc1 Ne4 20. Bxe4 dxe4 21. Qg3 Bd6 22. Qg2 Qe6 23. Rc4 f5 24. gxf5 gxf5 25. Bc3 Qd5 26. Kh1 b5 27. Rc5 Bxc5 28. dxc5 Rf7 29.
Bd4 Rc8 30. Qg3 Rcf8 31. Rf4 Re8 32. h4 Rc8 33. Qg5 Rxc5 34. Bxc5 Qxc5 35. Rf2 Qc1+ 36. Kg2 Qc5 37. Rd2 Rf8 38. Rd7 Qe5 39. h5 Qb2+ 40. Kh3 Rf7 41. Rd8+ Rf8 42. Rxf8+ Kxf8 43. Qxf5+ Kg8 44.
Qe6+ Kh7 45. Qxe4+ Kh8 46. Qd4 Qe2 47. Kh4 Qf2+ 48.
Kg4 Qg2+ 49. Kf5 Qh3+ 50. Kg6 Qg3+ 51. Kf7 Qf3+ 52. Ke7 Qxh5 53. Qd8+ Kh7 54. Qd3+ Kh8 55. e4 Qe5+ 56. Kd7 g5 57. Kc6 g4 58. Qd8+ Kg7 59. Qd7+ Kf6 60. Qd6+ Qe6 61. e5+ Kf7 62. Kc7 g3 63. Qc5 Qe7+ 64. Kc6 Qxc5+ 0-1

[Event "*** Qualifier 3: Titled Tuesday 3|2 Blitz"]
[Site "Chess.com"]
[Date "2017.04.18"]
[Round "5"]
[White "Enzy63"]
[Black "GMSAGOR"]
[Result "0-1"]
[WhiteElo "2057"]
[BlackElo "2087"]
[TimeControl "180+2"]
[EndTime "14:09:57 PDT"]
[Termination "GMSAGOR won by checkmate"]

1. d4 Nf6 2. Nf3 e6 3. c4 b6 4. g3 Bb7 5. Bg2 Bb4+ 6. Bd2 Be7 7. Nc3 O-O 8. O-O d6 9. Qc2 c5 10. d5 e5 11. e4 Na6 12. a3 Nc7 13. Ne1 a6 14. a4 Rb8 15. Nd3 Bc8 16. b4 a5 17. bxc5 bxc5 18. Nb5 Na6 19. f4 exf4 20. gxf4 Nb4 21. Nxb4 cxb4 22. Be3 Nd7 23. Rab1 Re8 24. Bd4 Bf6 25. Ba7 Ra8 26. Bf2 Nf8 27. Bg3 Ba6 28. Rfe1 Ng6 29. e5 dxe5 30. f5 Nf4 31. Bxf4 exf4 32.
Rxe8+ Qxe8 33. Nc7 Qe3+ 34. Qf2 Ra7 35. Nxa6 Bd4 36.
Qxe3 Bxe3+ 37. Kf1 Rxa6 38. Rd1 Bc5 39. Be4 g5 40.
Bc2 Rd6 41. Kg2 Kg7 42. Kf3 h5 43. h3 Kf6 44. Re1 Be3 45. Re2 Ke5 46. Rg2 f6 47. Re2 Rb6 48. Bb3 Kd4 49. Rc2 Kc5 50. Ke4 Rb8 51.
Kf3 Re8 52. Re2 Re7 53. Re1 Re5 54. Re2 Rxf5 55. Bc2 Re5 56. Bg6 Kxc4 57. Bxh5 Kxd5 58. Bf7+ Kd4 59. Rc2 Kd3 60. Bg6+ f5 61. Rc8 Bd4 62.
Rd8 Kc3 63. Kg2 b3 64. Rb8 b2 65. Rb7 Re2+ 66. Kf3 Rf2# 0-1

[Event "*** Qualifier 3: Titled Tuesday 3|2 Blitz"]
[Site "Chess.com"]
[Date "2017.04.18"]
[Round "5"]
[White "OparinGrigoriy"]
[Black "scrapnel"]
[Result "1/2-1/2"]
[WhiteElo "2613"]
[BlackElo "2384"]
[TimeControl "180+2"]
[EndTime "14:10:02 PDT"]
[Termination "Game drawn - insufficient material"]

1. Nf3 d5 2. g3 c6 3. Bg2 Bg4 4. O-O e6 5. c4 Nd7 6. d3 dxc4 7. dxc4 Ngf6 8. Nc3 Bxf3 9. Bxf3 Ne5 10. Qb3 Nxf3+ 11. exf3 Qc8 12. Be3 Be7 13. Rad1 O-O 14.
h4 e5 15. Kg2 Re8 16. Rd2 b6 17. Rfd1 Qe6 18. Qa4 e4 19. fxe4 Nxe4 20. Nxe4 Qxe4+ 21. Kg1 b5 22. Qc2 Qf3 23. cxb5 cxb5 24. Qd3 a6 25. Qd5 Qxd5 26. Rxd5 Bf6 27. b3 Red8 28. Kg2 Rxd5 29. Rxd5 g6 30. h5 Kf8 31. h6 Ke8 32. Rd6 Be7 33. Rb6 Kd7 34. Rb7+ Ke6 35. g4 f5 36. Kf3 fxg4+ 37. Kxg4 b4 38. f4 a5 39. Bb6 a4 40.
Ba7 axb3 41. axb3 Rc8 42. Bd4 Rc1 43. Rb6+ Kd5 44. Bf6 Bd6 45. Rb7 Rg1+ 46. Kf3 Rf1+ 47. Ke2 Rxf4 48. Bg5 Re4+ 49. Kf3 Re5 50. Kg4 Re4+ 51.
Kf3 Re5 52. Bd2 Re7 53. Rb6 Rf7+ 54. Ke2 Bc5 55. Rb8 Rf2+ 56. Kd3 Rf3+ 57. Ke2 Rxb3 58.
Rh8 Rh3 59. Rxh7 Kc4 60. Rc7 b3 61. h7 b2 62. Rb7 Rxh7 63. Rxb2 Rh2+ 64. Kf3 Ba3 65.
Rc2+ Kd3 66. Rc6 Rxd2 67. Rxg6 Bc5 68. Rg2 Rd1 69. Rg6 Rf1+ 70. Kg4 Bd4 71. Rg5 Ke4 72. Rg6 Be5 73. Rg5 Rf4+ 74. Kh5 Rf6 75. Kg4 Bf4 76. Rg7 Rf8 77. Rg6 Be5 78. Rg5 Rf1 79. Rg6 Bf6 80. Kh5 Kf5 81. Rg5+ Kf4 82. Rg4+ Ke5 83. Rg6 Ke6 84. Kg4 Rh1 85. Kf3 Kf5 86. Rg2 Ra1 87. Rc2 Be5 88. Ke2 Ke4 89. Rd2 Bd4 90. Rc2 Ra3 91. Rd2 Rb3 92. Rc2 Rh3 93. Rd2 Bc3 94. Rc2 Kd4 95. Kd1 Rh1+ 96. Ke2 Kc4 97. Kf3 Kd3 98. Rg2 Bd4 99.
Rg6 Rf1+ 100. Kg4 Ke4 101. Rg5 Be5 102. Rg6 Bf6 103. Kh5 Rf4 104. Rg4 Rxg4 105. Kxg4 1/2-1/2

[Event "*** Qualifier 3: Titled Tuesday 3|2 Blitz"]
[Site "Chess.com"]
[Date "2017.04.18"]
[Round "5"]
[White "Roachelley"]
[Black "hsskoo"]
[Result "1-0"]
[WhiteElo "2141"]
[BlackElo "1950"]
[TimeControl "180+2"]
[EndTime "14:10:02 PDT"]
[Termination "Roachelley won by resignation"]

1. d4 e6 2. c4 f5 3. Nf3 Nf6 4. g3 Be7 5. Bg2 d5 6. O-O c6 7.
b3 O-O 8. Ba3 Bxa3 9. Nxa3 Nbd7 10. Nc2 Qe8 11. Nce1 Kh8 12. Nd3 Ne4 13. Nfe5 g5 14. Qc1 Qh5 15. Nxd7 Bxd7 16. Ne5 Be8 17. Qc2 Rg8 18. b4 Rg7 19. a4 Bg6 20. b5 f4 21. Nxg6+ hxg6 22. Bxe4 dxe4 23. Qxe4 Rf8 24. Ra3 Rh7 25. Qe5+ Kg8 26. Qxe6+ Rff7 27. h3 Kh8 28.
Kg2 Re7 29. Qc8+ Kg7 30. Qg4 Rxe2 31. Qxh5 gxh5 32. gxf4 gxf4 33. bxc6 bxc6 34. Rd3 Rc2 35. d5 Rxc4 36. d6 Rh8 37. Re1 Rd8 38. Re7+ Kf6 39. Rxa7 Rc5 40. Rh7 Ra5 41. Kf3 c5 42. Rxh5 Rd7 43.
Rdd5 Rxa4 44. Rxc5 Rxd6 45. Rhf5+ Ke6 46. Rxf4 Ra3+ 47.
Kg4 Rd1 48. Rg5 Rg1+ 49. Kh4 Rh1 50. Rg3 Ra8 51. Re3+ Kd5 52. Rf5+ Kd4 53. Kg3 Rg8+ 54. Kh4 Rh8+ 55. Rh5 Rf8 56. Kg3 Rg8+ 57. Kf4 Re8 58. Rxe8 Rf1 59. f3 Rh1 60. h4 Kd3 61. Kf5 Ra1 62. f4 Ra5+ 63. Re5 Ra4 64. Kg5 Ra7 65. f5 Ra8 66. f6 Kd4 67. Rf5 Rg8+ 68. Kf4 Rf8 69. f7 Kd3 70. Rhg5 Ke2 71. Rg8 Kf2 72. Rxf8 1-0

[Event "*** Qualifier 3: Titled Tuesday 3|2 Blitz"]
[Site "Chess.com"]
[Date "2017.04.18"]
[Round "5"]
[White "dhanushbharadwaj"]
[Black "amazingoid"]
[Result "0-1"]
[WhiteElo "2443"]
[BlackElo "2348"]
[TimeControl "180+2"]
[EndTime "14:10:15 PDT"]
[Termination "amazingoid won by resignation"]

1. Nf3 c5 2. c4 Nc6 3. Nc3 g6 4.
e3 Nf6 5. d4 cxd4 6. exd4 d5 7.
cxd5 Nxd5 8. Bc4 Nb6 9. Bb5 Bd7 10. O-O Bg7 11. Be3 Nb4 12. Qb3 Bxb5 13. Nxb5 N4d5 14. Rac1 O-O 15. Ne5 a6 16. Na3 Rc8 17. Rxc8 Qxc8 18. Nec4 Nxc4 19. Nxc4 Qe6 20. Re1 b5 21. Na5 Rc8 22.
Nb7 Nxe3 23. Qxe6 fxe6 24. fxe3 Rc2 25. b4 Rxa2 26. Nc5 e5 27. d5 Rb2 28. Nxa6 e4 29.
Rc1 Bh6 30. Rc8+ Kf7 31. Rc3 Kf6 32. Kf1 Ke5 33. g3 Rxh2 34. Rc5 Bxe3 35. Rxb5 Rf2+ 36. Ke1 Rb2 37. Rb7 Kxd5 38. Rxe7 h5 39. Kf1 Rf2+ 40. Ke1 Rb2 41. Kf1 Kd4 42. Rd7+ Kc3 43. Rc7+ Kd3 44. Rd7+ Bd4 45. Nc5+ Ke3 46. Ne6 Bb6 47. Nf4 Kf3 48. Ke1 e3 49. Kd1 e2+ 50. Nxe2 Rxb4 51. Rf7+ Kg4 52.
Rf6 g5 53. Kd2 Bc7 54. Kc3 Re4 55. Kd3 Re7 56. Rg6 Re5 57. Rg7 Rc5 58. Rg6 Bxg3 59.
Nd4 h4 60. Ke4 Re5+ 61. Kd3 Bf4 62. Rh6 Re3+ 63. Kc4 Re8 64. Kd3 Rd8 65. Ke4 Re8+ 66. Kd3 Be5 67. Ne2 h3 68. Ke3 Bg3+ 69. Kd2 Kf3 70. Ng1+ Kg4 71. Nxh3 Be1+ 72. Kd1 Bh4 73. Ng1 Re1+ 74. Kd2 Rxg1 75. Ra6 Rf1 76. Ke2 Rf4 77.
Ra8 Kh3 78. Ke3 Rf7 79. Ke2 g4 80. Rg8 g3 81. Ke3 g2 82. Ke2 Kh2 83. Rh8 g1=Q 84. Rxh4+ Kg3 0-1

[Event "*** Qualifier 3: Titled Tuesday 3|2 Blitz"]
[Site "Chess.com"]
[Date "2017.04.18"]
[Round "5"]
[White "Gabix_94"]
[Black "jcibarra"]
[Result "0-1"]
[WhiteElo "2518"]
[BlackElo "2659"]
[TimeControl "180+2"]
[EndTime "14:10:43 PDT"]
[Termination "jcibarra won on time"]

1. e4 c5 2. Nf3 d6 3. d4 cxd4 4.
Qxd4 Nf6 5. e5 Nc6 6. Qa4 dxe5 7. Nxe5 Qc7 8. Nxc6 Bd7 9. Nc3 Bxc6 10. Bb5 e6 11. Bf4 Qb6 12. Be3 Qc7 13. O-O-O Be7 14. Bf4 Qb6 15. Be3 Qc7 16. Bxc6+ bxc6 17. Rhe1 O-O 18.
h3 Nd5 19. Bd4 Rfb8 20. Be5 Bd6 21. Bxd6 Qxd6 22. Qd4 Rb4 23. Qe5 Qc5 24. Ne4 Qa5 25. a3 Rc4 26. Nd6 Rf4 27. f3 Rf8 28. Kb1 Ra4 29. c4 Nf6 30. Qxa5 Rxa5 31. Ka2 g6 32. b4 Ra6 33. Kb3 Rb6 34. g4 a5 35. b5 cxb5 36.
Nxb5 Rc8 37. a4 Rbc6 38. Rd4 Rc5 39. f4 h6 40. Red1 Kg7 41. Nd6 Rb8+ 42. Nb5 Rbc8 43.
Nd6 Rb8+ 44. Nb5 e5 45. fxe5 Rxe5 46. R1d3 Ne4 47. Ka3 Nc5 48. Rf3 Rb7 49. Rdf4 Rbe7 50. Rd4 Re3+ 51. Rxe3 Rxe3+ 52. Ka2 Nxa4 53. Rd7 Nc5 54.
Rc7 Ne6 55. Ra7 Rxh3 56. Nd6 Rf3 57. Rxa5 Rf4 58. Ra7 h5 59. gxh5 gxh5 60. Ra5 h4 61. Kb3 Kg6 62. Ra1 Rg4 63. Rh1 f5 64. Kc3 Kg5 65.
Nf7+ Kf4 66. Kd2 Kg3 67. Ne5 Re4 68. Rg1+ Kf2 69. Rh1 Rxe5 70. Rxh4 f4 71. c5 Rxc5 72.
Rh6 Rd5+ 73. Kc3 Re5 74. Kd3 f3 75. Rf6 Kg2 76. Rg6+ Kf1 77. Rf6 f2 78. Kd2 Kg2 79. Rg6+ Ng5 80. Rxg5+ Rxg5 81. Ke2 f1=Q+ 0-1

[Event "*** Qualifier 3: Titled Tuesday 3|2 Blitz"]
[Site "Chess.com"]
[Date "2017.04.18"]
[Round "5"]
[White "NowInChess"]
[Black "troisi"]
[Result "1-0"]
[WhiteElo "1995"]
[BlackElo "1294"]
[TimeControl "180+2"]
[EndTime "14:10:48 PDT"]
[Termination "NowInChess won on time"]

1. e4 e5 2. Bc4 Nf6 3. d3 Nc6 4.
Nc3 h6 5. f4 exf4 6. Bxf4 Bb4 7. Nf3 d5 8. exd5 Nxd5 9. Qe2+ Be6 10. Bd2 Bxc3 11. bxc3 Qe7 12. O-O O-O-O 13. Rab1 Rhe8 14. Qf2 Nb6 15. Bxe6+ Qxe6 16. a3 Qa2 17. Be3 Nd5 18.
Bxa7 Nxc3 19. Rb3 Ne2+ 20. Kh1 Qxc2 21. Rfb1 Na5 22. R3b2 Qxd3 23. Re1 Nf4 24. Rc1 Re2 25. Rxe2 Qxe2 26. Bb6 Rd1+ 27. Rxd1 Qxd1+ 28. Ng1 cxb6 29. Qxf4 Nc6 30. Qxf7 Qd7 31. Qg8+ Kc7 32. Qc4 Qe7 33. a4 Qb4 34. Qf7+ Qe7 35. Qf4+ Qe5 36. Qf7+ Ne7 37. h3 Kd6 38. Qc4 Nc6 39. Qd3+ Qd4 40. Qg3+ Kc5 41.
Nf3 Qa1+ 42. Kh2 Qf6 43. Qf2+ Nd4 44. Nxd4 Qxd4 45. Qf8+ Qd6+ 46. Qxd6+ Kxd6 47. Kg3 Kc5 48. Kg4 g6 49. h4 Kb4 50. h5 g5 51. Kf5 Kxa4 52.
Kg6 g4 53. Kxh6 b5 54. Kg7 b4 55. h6 b3 56. h7 b2 57. h8=Q b1=Q 58. Qa8+ Kb3 59.
Qxb7+ Kc2 60. Qe4+ Kc1 61. Qxb1+ Kxb1 62. Kg6 Kc2 63.
Kf5 Kd3 64. Kxg4 Ke4 65. Kg5 Ke5 66. g4 Ke6 67. Kg6 Ke7 68. Kg7 Ke8 69. g5 Ke7 70. g6 Ke6 71. Kf8 Kf5 72. g7 Kf6 73. g8=Q Kf5 74. Qg3 Kf6 75. Qg4 Ke5 76. Qf3 Ke6 77.
Qh5 Kf6 78. Kg8 Ke7 79. Qg6 Kd8 80. Qf7 Kc8 81. Kg7 Kb8 82. Kf6 Ka8 83. Ke6 1-0

[Event "*** Qualifier 3: Titled Tuesday 3|2 Blitz"]
[Site "Chess.com"]
[Date "2017.04.18"]
[Round "5"]
[White "Rock700chess"]
[Black "underdogchss"]
[Result "1-0"]
[WhiteElo "2238"]
[BlackElo "2401"]
[TimeControl "180+2"]
[EndTime "14:11:23 PDT"]
[Termination "Rock700chess won by resignation"]

1. e4 d6 2. d4 Nf6 3. Nc3 g6 4.
Bc4 Bg7 5. f3 O-O 6. Be3 c6 7.
Nge2 d5 8. exd5 cxd5 9. Bb3 Nc6 10. Qd2 Na5 11. O-O b6 12. Nf4 e6 13. Rad1 Ba6 14.
Nd3 Rc8 15. Bg5 Nc4 16. Bxc4 Bxc4 17. Rfe1 Bxd3 18. Qxd3 Qc7 19. a3 Nh5 20. g4 Nf4 21.
Qf1 h6 22. Bh4 Qc4 23. Bf2 Qxf1+ 24. Kxf1 g5 25. Re3 Rc4 26. Ree1 a6 27. h4 Rfc8 28.
Be3 b5 29. Rd2 Bf6 30. h5 Kg7 31. Rc1 Rxc3 32. bxc3 Rxc3 33. Bxf4 gxf4 34. Rd3 Rc4 35. c3 Be7 36. Ra1 Ra4 37. Ke2 Kf6 38. Rdd1 Bd6 39. Kd3 Kg5 40. Rdb1 Kf6 41. Ke2 Kg7 42. Kd3 Be7 43. Kc2 Kf8 44. Rd1 Ke8 45. Kb3 Kd7 46. Rg1 Bg5 47. Rgf1 Kc6 48. Ra2 Kb6 49. Re2 Rc4 50.
Re5 Bf6 51. Re2 Bg5 52. Rb1 Ka5 53. Reb2 Be7 54. Ra1 Bf6 55. Re2 Ra4 56. Rae1 Rc4 57. Rg1 Bg5 58. Re5 Bf6 59. g5 Bxe5 60. dxe5 hxg5 61. h6 Rc8 62. Rxg5 Rh8 63. Rh5 Rh7 64. Rh4 Kb6 65. Kc2 Kc5 66. Kd3 a5 67. Rh2 a4 68.
Rh4 Kb6 69. Kd4 Kc6 70. Rh2 Kb6 71. Rh4 Rh8 72. h7 Kc6 73. Rh2 Kd7 74. Kc5 Ke7 75. Rh4 Kf8 76. Kxb5 Kg7 77. Kxa4 Ra8+ 78. Kb4 Rb8+ 79.
Kc5 Kh8 80. a4 Ra8 81. Rxf4 Kxh7 82. Rxf7+ Kg8 83. Rf6 Rxa4 84. Rxe6 Rc4+ 85. Kxd5 Rxc3 86. f4 Kf7 87. Rf6+ Ke7 88. Ra6 Rd3+ 89. Ke4 Rd7 90. f5 Rb7 91. f6+ Kf7 92. Kf5 Kf8 93. Ra8+ 1-0

[Event "*** Qualifier 3: Titled Tuesday 3|2 Blitz"]
[Site "Chess.com"]
[Date "2017.04.18"]
[Round "6"]
[White "Sanan_Sjugirov"]
[Black "XiaoKangZhong"]
[Result "1-0"]
[WhiteElo "2635"]
[BlackElo "1974"]
[TimeControl "180+2"]
[EndTime "14:14:48 PDT"]
[Termination "Sanan_Sjugirov won by checkmate"]

1. e4 c5 2. Nf3 d6 3. d4 cxd4 4.
Nxd4 Nf6 5. Nc3 a6 6. Bg5 Nbd7 7. f4 Qc7 8. Qf3 h6 9. Bxf6 Nxf6 10. f5 e6 11.
O-O-O Be7 12. fxe6 fxe6 13. Qh3 e5 14. Ne6 Bxe6 15. Qxe6 Qd7 16. Qb3 O-O-O 17. Bc4 Kb8 18. Bxa6 Ka7 19. Bc4 Qg4 20. Nb5+ Kb8 21. Qa4 Nxe4 22.
Qa7+ Kc8 23. Qa8+ Kd7 24. Qxb7+ Ke8 25. Nc7+ Kf8 26. Rhf1+ Bf6 27. Ne6+ Ke8 28. Bb5+ Rd7 29. Qxd7# 1-0

[Event "*** Qualifier 3: Titled Tuesday 3|2 Blitz"]
[Site "Chess.com"]
[Date "2017.04.18"]
[Round "6"]
[White "Rock700chess"]
[Black "Quiet_Desperation"]
[Result "1-0"]
[WhiteElo "2243"]
[BlackElo "2031"]
[TimeControl "180+2"]
[EndTime "14:15:28 PDT"]
[Termination "Rock700chess won by resignation"]

1. e4 Nc6 2. d4 d5 3. e5 f6 4. f4 Bf5 5. Nf3 Qd7 6. a4 O-O-O 7. a5 Nh6 8. a6 b6 9. Bb5 Qe6 10. O-O Be4 11. Nbd2 Nf5 12. c3 Nb8 13. Qe2 Bxf3 14. Nxf3 h5 15. b4 h4 16. Ba3 g6 17.
Rac1 c6 18. Bd3 Bh6 19. Nd2 Rdg8 20. b5 Qd7 21. bxc6 Qxc6 22. Bb5 Qe6 23. c4 Nxd4 24. cxd5+ Kd8 25. dxe6 1-0

[Event "*** Qualifier 3: Titled Tuesday 3|2 Blitz"]
[Site "Chess.com"]
[Date "2017.04.18"]
[Round "6"]
[White "oskariot"]
[Black "woodhy"]
[Result "1-0"]
[WhiteElo "2436"]
[BlackElo "2305"]
[TimeControl "180+2"]
[EndTime "14:15:37 PDT"]
[Termination "oskariot won by resignation"]

1. e4 e6 2. d4 d5 3. Nc3 Bb4 4.
e5 c5 5. a3 Bxc3+ 6. bxc3 Ne7 7.
h4 Nbc6 8. h5 Qa5 9. Bd2 Bd7 10.
h6 gxh6 11. Rb1 O-O-O 12. Rb5 Qc7 13. Rxc5 Ng8 14. Nf3 f5 15. Qb1 b5 16. Bxb5 Qb6 17.
O-O Kc7 18. c4 Ne7 19. cxd5 Nxd5 20. c4 Ne7 21. Bxc6 Nxc6 22. Ba5 Qxa5 23. Rxa5 Nxa5 24. Qb4 Nc6 25. Qd6+ Kc8 26. d5 1-0

[Event "*** Qualifier 3: Titled Tuesday 3|2 Blitz"]
[Site "Chess.com"]
[Date "2017.04.18"]
[Round "6"]
[White "MartinMatthiesen"]
[Black "pedromartinez91"]
[Result "1-0"]
[WhiteElo "2231"]
[BlackElo "2304"]
[TimeControl "180+2"]
[EndTime "14:16:58 PDT"]
[Termination "MartinMatthiesen won on time"]

1. e4 Nf6 2. e5 Nd5 3. d4 d6 4.
Nf3 Nc6 5. c4 Nb6 6. exd6 cxd6 7. Nc3 g6 8. Be3 Bg7 9. Rc1 O-O 10. d5 Bg4 11. dxc6 bxc6 12. h3 Bxf3 13. Qxf3 c5 14.
Be2 Rb8 15. O-O Nd7 16. b3 Ne5 17. Qd5 e6 18. Qd2 Qe7 19. Rfd1 1-0

[Event "*** Qualifier 3: Titled Tuesday 3|2 Blitz"]
[Site "Chess.com"]
[Date "2017.04.18"]
[Round "6"]
[White "scrapnel"]
[Black "Astaneh"]
[Result "1-0"]
[WhiteElo "2394"]
[BlackElo "2481"]
[TimeControl "180+2"]
[EndTime "14:17:01 PDT"]
[Termination "scrapnel won by resignation"]

1. c4 e5 2. Nc3 Nf6 3. Nf3 Nc6 4.
e3 d5 5. cxd5 Nxd5 6. Bb5 Nxc3 7. bxc3 Bd6 8. d4 exd4 9. cxd4 O-O 10. O-O Bg4 11. h3 Bh5 12. Bb2 Qf6 13. Be2 Rfe8 14.
Qb3 b6 15. Rac1 Ne7 16. e4 Bf4 17. e5 Qg6 18. Rxc7 Nf5 19. Rxf7 Bxf3 20. Rxf5+ Kh8 21. Bxf3 Qxf5 22. Bxa8 Rxa8 23. Qf3 Rf8 24. Bc1 g5 25. Bxf4 gxf4 26. Re1 Rg8 27. e6 1-0

[Event "*** Qualifier 3: Titled Tuesday 3|2 Blitz"]
[Site "Chess.com"]
[Date "2017.04.18"]
[Round "6"]
[White "Schemato"]
[Black "alekroth64"]
[Result "1-0"]
[WhiteElo "2247"]
[BlackElo "2250"]
[TimeControl "180+2"]
[EndTime "14:17:05 PDT"]
[Termination "Schemato won by resignation"]

1. c4 e5 2. g3 g6 3. Bg2 Bg7 4.
Nc3 Ne7 5. e4 c5 6. d3 Nbc6 7.
Nge2 O-O 8. O-O f5 9. Bg5 d6 10. Qd2 Be6 11. Nd5 Qd7 12. f4 h6 13. Bxe7 Nxe7 14. fxe5 dxe5 15. Rf2 Nc6 16. Raf1 Nd4 17. Nxd4 exd4 18. Nf4 fxe4 19. Bxe4 Bf5 20. Nxg6 Bxg6 21. Bxg6 Rxf2 22. Rxf2 Rf8 23. Rxf8+ Bxf8 24. Qf4 Qe7 25. Be4 Qg5 26. Bd5+ Kg7 27. Qf7+ 1-0

[Event "*** Qualifier 3: Titled Tuesday 3|2 Blitz"]
[Site "Chess.com"]
[Date "2017.04.18"]
[Round "6"]
[White "Grootneus"]
[Black "Kubas1010"]
[Result "0-1"]
[WhiteElo "2105"]
[BlackElo "2411"]
[TimeControl "180+2"]
[EndTime "14:17:28 PDT"]
[Termination "Kubas1010 won by resignation"]

1. e4 e5 2. Nf3 Nc6 3. Bb5 a6 4.
Ba4 Nf6 5. d3 b5 6. Bb3 Be7 7.
O-O d6 8. a4 Bg4 9. c3 O-O 10.
h3 Bd7 11. Nbd2 Na5 12. Bc2 c5 13. Re1 Re8 14. Nf1 Bf8 15. Ng3 g6 16. d4 cxd4 17. cxd4 Bg7 18. Bg5 Qc7 19. axb5 axb5 20. dxe5 dxe5 21.
b4 Nc4 22. Bb3 Be6 23. Qc1 Nd7 24. Nh2 f6 25. Bh6 Rxa1 0-1

[Event "*** Qualifier 3: Titled Tuesday 3|2 Blitz"]
[Site "Chess.com"]
[Date "2017.04.18"]
[Round "6"]
[White "NMJeevanK"]
[Black "DariuszMikrut"]
[Result "1-0"]
[WhiteElo "2183"]
[BlackElo "2389"]
[TimeControl "180+2"]
[EndTime "14:17:41 PDT"]
[Termination "NMJeevanK won by resignation"]

1. e4 c5 2. Nf3 d6 3. d4 cxd4 4.
Nxd4 Nf6 5. Nc3 a6 6. Be2 e5 7.
Nb3 Be7 8. Be3 O-O 9. O-O b5 10. a3 Bb7 11. Bd3 Nbd7 12. f4 Qc7 13. Qe1 Rfe8 14.
Rd1 exf4 15. Bxf4 Ne5 16. Bxe5 dxe5 17. Qg3 Nh5 18. Qf3 Nf4 19. g3 Nh3+ 20. Kg2 Ng5 21.
Qe3 Ne6 22. Rf5 g6 23. Rf2 Bc5 24. Nxc5 Qxc5 25. Qh6 Qf8 26. Qh4 Qe7 27. Rf6 Rad8 28. Rdf1 Rf8 29. Rxg6+ hxg6 30. Qxe7 Bc6 31. Rxf7 Rxf7 32.
Qxe6 Be8 33. Qxg6+ Rg7 34. Qe6+ Bf7 35. Qxe5 Rg6 36.
Nd5 Re8 37. Nf6+ Kf8 38. Nxe8 1-0

[Event "*** Qualifier 3: Titled Tuesday 3|2 Blitz"]
[Site "Chess.com"]
[Date "2017.04.18"]
[Round "6"]
[White "Wolverine_master"]
[Black "Robin-Side"]
[Result "0-1"]
[WhiteElo "1957"]
[BlackElo "2297"]
[TimeControl "180+2"]
[EndTime "14:17:50 PDT"]
[Termination "Robin-Side won by resignation"]

1. e4 c5 2. Nf3 Nc6 3. d4 cxd4 4. Nxd4 e5 5. Nb5 d6 6. N1c3 a6 7. Na3 b5 8. Nd5 Nge7 9. Bg5 h6 10. Bxe7 Bxe7 11. Nxe7 Nxe7 12. Bd3 O-O 13. c3 d5 14. Nc2 Bb7 15. exd5 Nxd5 16. O-O Nf4 17. Be2 Bxg2 18. Qxd8 Raxd8 19. Rfe1 Rd2 20. Ne3 Nxe2+ 21. Kxg2 Nf4+ 22. Kf3 Nd3 23. Rf1 Rxb2 24. Ke4 Nxf2+ 25. Kxe5 Re8+ 26. Kf4 Nh3+ 27. Kf3 Ng5+ 0-1

[Event "*** Qualifier 3: Titled Tuesday 3|2 Blitz"]
[Site "Chess.com"]
[Date "2017.04.18"]
[Round "6"]
[White "MFBerna"]
[Black "peteseeger"]
[Result "1-0"]
[WhiteElo "2188"]
[BlackElo "2124"]
[TimeControl "180+2"]
[EndTime "14:17:52 PDT"]
[Termination "MFBerna won by resignation"]

1. e4 g6 2. d4 Bg7 3. Nc3 c6 4.
Nf3 d6 5. h3 Nf6 6. Bd3 O-O 7.
O-O Qc7 8. Bf4 Nbd7 9. e5 dxe5 10. Nxe5 Nxe5 11. Bxe5 Qb6 12. Qf3 Qxb2 13. Ne2 Qa3 14.
Rab1 Qxa2 15. c4 Qa5 16. Nf4 Ne8 17. Rfe1 Nd6 18. Bxg7 Kxg7 19. Rxe7 Bf5 20. c5 Bxd3 21. Nxd3 Nf5 22. Rexb7 Nxd4 23. Qe3 Qc3 24. Rc1 Nc2 25.
Qe2 Rad8 26. Nf4 Rd2 27. Qe7 Kg8 28. Ne6 1-0